 Dungeon Sprint DCSS version 0.17-a0-1718-g72dbe4d (webtiles) character file.

1100000 ztt the Executioner (level 16, 139/141 HPs)
             Began as a Mummy Gladiator on Aug 25, 2015.
             Was a Priest of Makhleb.
             Quit the game in the Dungeon (Sprint VIII: "Arena of Blood").
             The game lasted 00:00:34 (11 turns).

ztt the Executioner (Mummy Gladiator)                 Turns: 11, Time: 00:00:34

Health: 139/141    AC:  4    Str: 23    XL:     16   Next: 27%
Magic:  16/16      EV: 28    Int:  7    God:    Makhleb [***...]
Gold:   0          SH:  0    Dex: 15    Spells: 0 memorised, 15 levels left

rFire  x . .     SeeInvis .     f - +∞ Axe of Woe
rCold  + . .     Clarity  .     b - +0 leather armour
rNeg   + + +     SustAt   .     (no shield)
rPois  ∞         Gourm    .     c - +0 helmet
rElec  .         Spirit   .     (no cloak)
rCorr  .         Warding  .     (no gloves)
rMut   .         NoTele   +     (no boots)
MR     ++...                    (no amulet)
Stlth  +.........               (no ring)
                                (no ring)

@: very resistant to hostile enchantments, very unstealthy
A: no food or potions, fire vulnerability, cold resistance 1, negative energy
resistance 3, torment resistance, unbreathing, in touch with death 1, restore
body
a: Self-Restoration, Minor Destruction, Lesser Servant of Makhleb, Renounce
Religion


You were in the Dungeon.
You worshipped Makhleb.
Makhleb was most pleased with you.
You were not hungry.

You visited 1 branch

Inventory:

Hand weapons
 a - a +0 war axe
 f - the +∞ Axe of Woe (weapon)
   (You found it in the Dungeon)
Missiles
 d - 3 throwing nets (quivered)
Armour
 b - a +0 leather armour (worn)
 c - a +0 helmet (worn)
Scrolls
 e - a scroll of blinking


   Skills:
 + Level 17.4 Fighting
 + Level 24.6 Axes
 + Level 14.4 Throwing
 + Level 2.4 Armour
 + Level 24.0 Dodging


You had 15 spell levels left.
You didn't know any spells.

Dungeon Overview and Level Annotations

Branches:
Dungeon (1/1)

Altars:
Makhleb


Innate Abilities, Weirdness & Mutations

You do not eat or drink.
Your flesh is vulnerable to fire.
You are immune to poison.
Your flesh is cold resistant.
You are immune to negative energy.
You are immune to unholy pain and torment.
You can survive without breathing.
You are in touch with the powers of death.
You can restore your body by infusing magical energy.


Message History

You feel better.
Your Fighting skill increases to level 16!
Your Axes skill increases to level 23!
Your Throwing skill increases to level 13!
Your Armour skill increases to level 2!
Your Dodging skill gained 2 levels and is now at level 23!
You slash the bag of meat!
You fatally mangle the bag of meat.
You kill the bag of meat!
Makhleb accepts your kill.
You feel better.
Your Fighting skill increases to level 17!
Your Axes skill increases to level 24!
Your Throwing skill increases to level 14!
Your Dodging skill increases to level 24!
You have reached level 16!
You hear a shout! x8
Unknown command.
Unknown command.
Unknown command.
Are you sure you want to abandon this character and quit the game? (Confirm with "yes".)

#.. ..# ...###...
..###.
........###......
#........_.....
..... #.....#
......#_.<._# .
......#.....#....
#.......)_..Oo...
......)@###......
...###.))....###.
#.......#
#.......#
......o...
.o.........
........oo.
...........#


You could see a meat berserker (berserk) and 5 bags of meat.

Vanquished Creatures
  2 ogres (D)
  5 orcs (D)
7 creatures vanquished.

Notes
Turn   | Place    | Note
--------------------------------------------------------------
     0 | D        | ztt the Mummy Gladiator began the quest for the Orb.
     0 | D        | Reached XP level 1. HP: 16/16 MP: 1/1
     3 | D        | Noticed a bag of meat
     4 | D        | Became a worshipper of Makhleb the Destroyer
     5 | D        | Noticed a bag of meat
     5 | D        | Noticed a meat berserker
     6 | D        | Noticed a bag of meat
     6 | D        | Noticed a bag of meat
     6 | D        | Noticed a bag of meat
     7 | D        | Noticed a meat berserker
     7 | D        | Killed a bag of meat
     7 | D        | Reached skill level 10 in Fighting
     7 | D        | Reached skill level 15 in Axes
     7 | D        | Reached skill level 15 in Dodging
     7 | D        | Reached XP level 2. HP: 20/35 MP: 2/2
     7 | D        | Reached XP level 3. HP: 23/41 MP: 3/3
     7 | D        | Reached XP level 4. HP: 26/47 MP: 4/4
     7 | D        | Reached XP level 5. HP: 29/53 MP: 5/5
     7 | D        | Reached XP level 6. HP: 32/60 MP: 6/6
     7 | D        | Reached XP level 7. HP: 35/66 MP: 7/7
     7 | D        | Reached XP level 8. HP: 38/72 MP: 8/8
     7 | D        | Reached XP level 9. HP: 41/78 MP: 9/9
     7 | D        | Reached XP level 10. HP: 44/85 MP: 10/10
     7 | D        | Reached XP level 11. HP: 47/91 MP: 11/11
     8 | D        | Noticed a bag of meat
     8 | D        | Noticed a bag of meat
     8 | D        | Killed a meat berserker
     8 | D        | Acquired Makhleb's first power
     8 | D        | Reached skill level 19 in Axes
     8 | D        | Reached skill level 10 in Throwing
     8 | D        | Reached XP level 12. HP: 97/105 MP: 12/12
     8 | D        | Gained mutation: You are in touch with the powers of death. [Mummy growth]
     8 | D        | Gained mutation: You can restore your body by infusing magical energy. [Mummy growth]
     8 | D        | Reached XP level 13. HP: 102/111 MP: 13/13
     8 | D        | Killed a bag of meat
     8 | D        | Reached skill level 20 in Axes
     8 | D        | Reached XP level 14. HP: 108/119 MP: 14/14
     9 | D        | Noticed a meat berserker
     9 | D        | Noticed a bag of meat
     9 | D        | Noticed a bag of meat
     9 | D        | Killed a bag of meat
     9 | D        | Acquired Makhleb's second power
     9 | D        | Reached skill level 21 in Axes
     9 | D        | Reached skill level 1 in Armour
     9 | D        | Killed a bag of meat
     9 | D        | Reached skill level 15 in Fighting
     9 | D        | Reached skill level 22 in Axes
     9 | D        | Reached XP level 15. HP: 116/129 MP: 15/15
    10 | D        | Noticed a bag of meat
    10 | D        | Killed a meat berserker
    10 | D        | Acquired Makhleb's third power
    10 | D        | Reached skill level 23 in Axes
    10 | D        | Killed a bag of meat
    10 | D        | Reached skill level 24 in Axes
    10 | D        | Reached XP level 16. HP: 139/141 MP: 16/16
    11 | D        | Quit the game

Vault maps used:
D:        meatsprint

Action                   |  1- 3 |  4- 6 |  7- 9 | 10-12 | 13-15 | 16-18 || total
-------------------------+-------+-------+-------+-------+-------+-------++-------
Melee: Executioner's axe |     1 |       |       |     1 |     2 |       ||     4
